 Dungeon Crawl Stone Soup version 0.27-a0-263-gc8dee61f84 (webtiles) character file.

Game seed: 3501971473481770251

63 siradein the Changer (level 3, 0/25 HPs)
             Began as a Vampire Transmuter on Feb 4, 2021.
             Slain by a gnoll
             ... wielding a +0 whip
              (8 damage)
             ... on level 2 of the Dungeon.
             The game lasted 00:05:17 (1122 turns).

siradein the Changer (Vampire Transmuter)           Turns: 1122, Time: 00:05:17

Health: 0/25       AC:  2    Str:  9    XL:     3   Next: 89%
Magic:  4/6        EV: 12    Int: 16    God:
Gold:   58         SH:  0    Dex: 14    Spells: 3/6 levels left

rFire    . . .     SeeInvis +     - Unarmed
rCold    . . .     Faith    .   (no shield)
rNeg     . . .     Spirit   .   a - +0 robe
rPois    .         Reflect  .   (helmet currently unavailable)
rElec    .         Harm     .   (no cloak)
rCorr    .         Rampage  .   (no gloves)
Will     .....                  (boots currently unavailable)
Stlth    +.........             (no amulet)
HPRegen  0.28/turn              (no ring)
MPRegen  0.10/turn              (no ring)

@: appendages, wereblooded, regenerating quickly
A: fangs 3, horns 2, talons 2, see invisible, unbreathing
a: Exsanguinate, End Transformation


You were on level 2 of the Dungeon.
You had grown temporary horns.
You had grown temporary talons.
You visited 1 branch of the dungeon, and saw 2 of its levels.

You collected 58 gold pieces.

Inventory:

Armour
 a - a +0 robe (worn)
 e - a scarf of harm
Jewellery
 g - an uncursed ring of willpower {unknown}
Scrolls
 b - 2 scrolls of teleportation {unknown}
 c - 2 scrolls of noise {unknown}
 d - a scroll of immolation {unknown}
Potions
 f - 2 potions of cancellation {unknown}
 h - a potion of might {unknown}
 i - a potion of haste {unknown}


   Skills:
 - Level 0.8 Fighting
 - Level 2.1 Dodging
 + Level 3.7 Unarmed Combat
 - Level 2.0 Spellcasting
 + Level 4.3 Transmutations


You had 3 spell levels left.
You knew the following spells:

 Your Spells              Type           Power        Failure   Level
a - Beastly Appendage     Tmut           30%          3%          1
b - Wereblood             Tmut           15%          5%          2

Your spell library contained the following spells:

 Spells                   Type           Power        Failure   Level
 Spider Form              Tmut/Pois      4%           26%         3
 Ice Form                 Ice/Tmut       8%           65%         4
 Blade Hands              Tmut           7%           69%         5


Dungeon Overview and Level Annotations

Branches:
Dungeon (2/15)

Altars:
Dithmenos
Kikubaaqudgha


Innate Abilities, Weirdness & Mutations

Your natural rate of healing is unusually fast.
You have razor-sharp teeth.
You have supernaturally acute eyesight. (SInv)
You can survive without breathing.
You have a pair of horns on your head.
You have razor-sharp toenails.


Message History

Your horns disappear.
Your talons disappear.
The gnoll hits you with a +0 whip. The gnoll barely misses you.
You hit the gnoll.
You kill the gnoll!
You howl as the wereblood boils in your veins!
You hear a shout!
A gnoll comes into view. It is wielding a +0 club.
The gnoll hits you but does no damage.
You hear a shout! x2
Casting: Wereblood (safe; 5% risk of failure)
Confirm with . or Enter, or press ? or * to list all spells.
You grow a pair of large bovine horns.
Your feet morph into talons.
The gnoll hits you with a +0 whip.
* * * LOW HITPOINT WARNING * * *
You closely miss the gnoll. You claw the gnoll, but do no damage.
You bite the gnoll, but do no damage. The gnoll barely misses you.
You hit the gnoll. You claw the gnoll.
The gnoll is heavily wounded.
The gnoll hits you with a +0 whip!
You die...

#.. #..######
#.......#
#.......#
#.......#
##......##### ..
#.......<..(#
#..###..##'#####.#
#.....)@..#
#.....gg###
#.._8_.)#
#........$.#
##.....###.#
####.## # #. #. ##


You could see 2 gnolls.

Vanquished Creatures
  3 gnolls
  A bat (D:1)
  A giant cockroach (D:1)
  6 goblins
  2 hobgoblins
  5 jackals (D:1)
  5 kobolds (D:1)
  7 frilled lizards (D:1)
  4 rats (D:1)
34 creatures vanquished.

Notes
Turn   | Place    | Note
-------+----------+-------------------------------------------
     0 | D:1      | siradein the Vampire Transmuter began the quest for the
                  | Orb.
     0 | D:1      | Reached XP level 1. HP: 14/14 MP: 3/3
   120 | D:1      | Reached skill level 3 in Transmutations
   120 | D:1      | Reached XP level 2. HP: 3/20 MP: 3/5
   488 | D:1      | Learned a level 2 spell: Wereblood
   561 | D:1      | Reached XP level 3. HP: 25/25 MP: 4/6
   789 | D:1      | Reached skill level 4 in Transmutations
  1096 | D:2      | Found a shadowy altar of Dithmenos.
  1096 | D:2      | Found an ancient bone altar of Kikubaaqudgha.
  1122 | D:2      | Slain by a gnoll

Illustrated notes

Levels and vault maps discovered:
D:1:      evilmike_arrival_plus, layout_basic, minmay_lizard_pond
D:2:      wander_river, layout_basic,
          chequers_temple_overflow_statue_of_worship, uniq_crazy_yiuf_cottage

Skill      XL: |  1  2  3 |
---------------+----------+-----
Transmutations | 3 4 |  4.3
Fighting       | |  0.8
Dodging        | |  2.1
Unarmed Combat | |  3.7
Spellcasting   | |  2.0

Action                   || total
-------------------------++-------
Melee: Unarmed           ||    98
       Headbutt          ||     9
       Kick              ||    22
       Bite              ||     5
       Punch             ||     1
 Cast: Beastly Appendage ||    19
       Wereblood         ||     1
Armor: Robe              ||    12
Dodge: Dodged            ||    59

Table legend: (Time is in decaauts)
 A = Elapsed time spent in this place.
 B = Non-inter-level travel time spent in this place.
 C = Inter-level travel time spent in this place.
 D = Time resting spent in this place.
 E = Time spent auto-exploring this place.
 F = Levels seen in this place.
 G = Mean time per level.
                   A        B        C        D        E       F      G
               +--------+--------+--------+--------+--------+-----+--------+
         Total |   1115 |   1107 |      8 |      0 |    890 |   2 |  557.5 |
       Dungeon |   1115 |   1107 |      8 |      0 |    890 |   2 |  557.5 |
               +--------+--------+--------+--------+--------+-----+--------+

Top non-repeatable levels by time:
     D:1: 1081 daAuts
     D:2: 33 daAuts
